Description

Nice little timing attack with a solid economy setup.

Replay - For Berris

Build Order

Get SALT Encoding   

  12  0:00  Probe  
  13  0:12  Probe  
  14  0:19  Pylon  
  14  0:24  Probe  
  15  0:33  Probe  
  15  0:38  Gateway  
  15  0:41  Probe  
  16  0:47  Assimilator  
  17  0:53  Probe  
  18  1:05  Probe  
  19  1:17  Probe  
  20  1:26  Nexus  
  20  1:37  Cybernetics Core  
  20  1:39  Probe  
  21  1:47  Assimilator  
  21  1:51  Probe  
  22  1:57  Pylon  
  22  2:06  Adept  
  25  2:18  Stargate  
  26  2:27  Warp Gate  
  27  2:37  Adept  
  34  3:01  Oracle  
  34  3:03  Gateway  
  41  3:24  Adept  
  44  3:30  Pylon  
  46  3:49  Nexus  
  49  4:04  Oracle  
  53  4:15  Twilight Council  
  53  4:16  Robotics Facility  
  54  4:21  Assimilator x2  
  54  4:26  Pylon  
  54  4:43  Pylon  
  56  4:51  Templar Archives  
  56  4:54  Warp Prism  
  56  4:58  Charge  
  62  5:07  Gateway x2  
  66  5:26  Gateway x2  
  69  5:42  High Templar x2  
  75  5:46  Archon  
  79  5:58  Gateway x2  
  80  6:05  High Templar x2  
  80  6:09  Archon  
  86  6:16  Immortal  
  86  6:17  Gateway x2  
  89  6:31  Sentry x3  
  100  6:35  Assimilator x2  
  100  6:44  Zealot x3  
  107  6:47  Immortal  
  111  7:03  High Templar x2, Zealot x6  
  127  7:09  Archon  
  127  7:17  Zealot  
  127  7:21  Observer  
  131  7:25  High Templar x2  
  142  7:34  Archon  
  142  7:49  Nexus  
Spawning Tool Build Advisor. Get it on Overwolf

Go to:

Details

  • Created by: Killasuka
  • Published on: May 19, 2025
  • Modified on: May 19, 2025
  • Patch: 5.0.11
  • Difficulty: Medium
Show
View Real Time Build Order
Export as new Build Order

Comments (0)

There are no comments. Be the first!

Create an account to comment!